 Dungeon Crawl Stone Soup version 0.28-a0-32-g8dfe7f97f6 (webtiles) character file.

Game seed: 16899790349160748079

22701 robertstho the Thaumaturge (level 13, -12/83 HPs)
             Began as a Djinni Fire Elementalist on July 27, 2021.
             Was an Initiate of Gozag.
             Killed from afar by Azrael (38 damage)
             ... with damnation
             ... on level 12 of the Dungeon.
             The game lasted 00:32:33 (21490 turns).

robertstho the Thaumaturge (DjFE)                  Turns: 21490, Time: 00:32:34

Health: -12/83     AC:  6    Str: 13    XL:     13   Next: 29%
Gold:   930        EV: 15    Int: 27    God:    Gozag SH: 10 Dex: 20

rFire   + + +      SeeInvis .   t - +2 short sword (venom)
rCold   + . .      Faith    .   d - +1 kite shield {reflect}
rNeg    + + .      Spirit   .   k - +2 robe {rC+}
rPois   ∞          Reflect  +   z - -2 hat of the Alchemist {rElec rPois rF+ rC+ rN+ Will+ rMut rCorr}
rElec   +          Harm     .   D - +0 cloak
rCorr   +          Rampage  .   c - +2 pair of gloves
rMut    +                       (boots unavailable)
Will    ++...                   (no amulet)
Stlth   ++........              g - ring of Muaco {rElec rN+ Str+6 Dex+5 Stlth-}
HPRegen 0.23/turn               p - +6 ring of intelligence
MPRegen 0.00/turn

@: gold aura, flying, studying Polearms
A: sickness immunity, fire resistance 2, cold vulnerability 1, float, innate
caster, hp casting, extra vitality 1
a: Renounce Religion, Potion Petition, Call Merchant, Bribe Branch


You were on level 12 of the Dungeon.
You worshipped Gozag.
Gozag was pleased with you.
You visited 2 branches of the dungeon, and saw 13 of its levels.

You collected 2721 gold pieces.
You spent 1163 gold pieces at shops.
You paid 628 gold pieces to Gozag.

Inventory:

Hand Weapons
 t - a +2 short sword of venom (weapon)
Missiles
 B - a throwing net
Armour
 c - a +2 pair of gloves (worn)
 d - a +1 kite shield of reflection (worn)
 k - a +2 robe of cold resistance (worn)
 z - the -2 hat of the Alchemist (worn) {rElec rPois rF+ rC+ rN+ Will+ rMut rCorr}
   (You acquired it on level 10 of the Dungeon)

   rF:        It protects you from fire.
   rC:        It protects you from cold.
   rElec:     It insulates you from electricity.
   rPois:     It protects you from poison.
   rN:        It protects you from negative energy.
   rCorr:     It protects you from acid and corrosion.
   rMut:      It protects you from mutation.
   Will:      It increases your willpower.
 D - a +0 cloak (worn)
Jewellery
 a - a ring of see invisible
 e - a ring of willpower
 g - the ring of Muaco (left hand) {rElec rN+ Str+6 Dex+5 Stlth-}
   (You acquired it on level 5 of the Dungeon)

   [ring of strength]

   Str:       It affects your strength (+6).
   Dex:       It affects your dexterity (+5).
   rElec:     It insulates you from electricity.
   rN:        It protects you from negative energy.
   Stlth:     It makes you less stealthy.
 p - a +6 ring of intelligence (right hand)
 C - a ring of ice
Wands
 j - a wand of mindburst (8)
 l - a wand of iceblast (20)
 o - a wand of digging (5)
 u - a wand of charming (2)
 v - a wand of acid (1)
Scrolls
 b - 2 scrolls of immolation
 h - 6 scrolls of enchant armour
 m - a scroll of holy word
 n - 4 scrolls of teleportation
 r - 4 scrolls of identify
 w - a scroll of vulnerability
 x - a scroll of fog
 y - a scroll of fear
 F - a scroll of enchant weapon
Potions
 f - 3 potions of curing
 i - a potion of cancellation
 q - 2 potions of might
 s - a potion of lignification
 E - a potion of brilliance {unknown}


   Skills:
 + Level 4.0 Fighting
 + Level 5.0 Short Blades
 + Level 7.3 Dodging
 + Level 5.4 Stealth
 + Level 4.3 Shields
 + Level 13.3 Spellcasting
 + Level 3.2 Evocations


You had 2 spell levels left.
You knew the following spells:

 Your Spells              Type           Power      Damage    Failure   Level
a - Foxfire               Conj/Fire      100%       2x1d9     1%          1
b - Conjure Flame         Conj/Fire      74%        6-21      1%          3
c - Inner Flame           Hex/Fire       74%        N/A       1%          3
d - Sticky Flame          Conj/Fire      74%        2d9       1%          4
e - Fireball              Conj/Fire      37%        3d15      1%          5
f - Magic Dart            Conj           100%       1d8       1%          1
g - Poisonous Vapours     Pois/Air       100%       N/A       1%          2
h - Stone Arrow           Conj/Erth      100%       3d13      1%          3
i - Passage of Golubria   Tloc           N/A        N/A       1%          4
j - Lightning Bolt        Conj/Air       37%        1d55      1%          5
k - Agony                 Necr           74%        N/A       1%          5
Your spell library was empty.

Dungeon Overview and Level Annotations

Branches:
Dungeon (12/15)            Temple (1/1) D:4            Lair (0/6) D:11
    Orc (0/2) D:12

Altars:
Cheibriados
Dithmenos
Elyvilon
Fedhas
Gozag
Hepliaklqana
Kikubaaqudgha
Okawaru
Qazlal
Ru
Sif Muna
Trog
Vehumet
Wu Jian
Xom
Yredelemnul
Zin
The Shining One

Shops:
D:3 *   D:6 *   D:10 ?

Annotations:
D:6 avis's ghost, novice OpTm
D:12 Azrael


Innate Abilities, Weirdness & Mutations

You are immune to sickness and miasma.
You are immune to poison.
Your flesh is very heat resistant. (rF++)
You are vulnerable to cold. (rC-)
You float through the air rather than walking.
You learn spells naturally, not from books.
Your magical power is your life essence.
You have superior vitality. (+4 HP)


Message History

Azrael hits you with a +2 scimitar of flaming!
The fire elemental is distracted by your dazzling golden aura.
Casting: Stone Arrow (safe; 1% risk of failure)
Confirm with . or Enter, or press ? or * to list all spells.
Aiming: Stone Arrow (safe; 1% risk of failure)
Press: ? - help, Shift-Dir - straight line, f/p - Azrael
Aim: Azrael, wielding a +2 scimitar of flaming (lightly wounded, fast, 92% to hit)
The stone arrow hits Azrael!!
Azrael is heavily wounded.
Azrael hits you with a +2 scimitar of flaming!
Azrael burns you.
The fire elemental is no longer distracted by gold.
Azrael gestures at you.
The sphere of damnation explodes!
The damnation engulfs you!
* * * LOW HITPOINT WARNING * * *
You hear a shout!
You hear a bellow! x3
You see here 18 stones.
You feel much better. You block Azrael's attack.
Casting: Stone Arrow (safe; 1% risk of failure)
Confirm with . or Enter, or press ? or * to list all spells.
Aiming: Lightning Bolt (dangerous; 1% risk of failure)
Press: ? - help, Shift-Dir - straight line, p - Azrael That beam is likely to hit you.
Continue anyway?
You hear a mighty clap of thunder!
The bolt of lightning hits Azrael!
Azrael is heavily wounded.
The bolt of lightning hits the fire elemental.
The fire elemental resists.
The fire elemental is lightly damaged.
The bolt of lightning hits the fire elemental.
The fire elemental resists.
The fire elemental is moderately damaged.
The bolt of lightning hits Azrael!
Azrael is severely wounded.
The bolt of lightning misses you.
You hear a bellow!
Azrael gestures at you.
The sphere of damnation explodes!
The damnation engulfs you!!!
You die...
Your body crumbles into a pile of gold.

## ##
.○ .#
#E .#
#E .#☼
#E#
#R#
#@#
#.#
###.#
#...#
#.###
#.#
#.#
#.#
#.####
###


You could see Azrael (fast) and a fire elemental.

Vanquished Creatures
  Frances (D:11)
  Snorg (D:11)
  Fannar (D:11)
  Harold (D:9)
  A hydra (D:11)
  Erolcha (D:11)
  5 two-headed ogres
  Pikel (D:8)
  A cyclops (D:11)
  An ugly thing (D:12)
  A gargoyle (D:12)
  An unseen horror (D:12)
  2 kobold demonologists
  2 komodo dragons
  A troll (D:11)
  A hornet (D:5)
  Grinder (D:3)
  3 slime creatures (D:11)
  A vampire (D:9)
  A wraith (D:10)
  16 yaks
  2 fire elementals (D:12)
  A basilisk (D:11)
  2 steam dragons (D:10)
  3 vampire mosquitoes (D:12)
  Grum (D:8)
  A warg (D:12)
  A water moccasin (D:6)
  Duvessa (D:5)
  A hell hound (D:12)
  A hornet zombie (D:5)
  An ice beast (D:7)
  5 sky beasts
  8 orc warriors
  A necrophage (D:5)
  An ogre (D:4)
  5 centaurs
  4 wolves (D:8)
  A lemure (D:8)
  8 kobold brigands
  3 bullfrogs
  An elf skeleton (D:6)
  5 scorpions
  A wyvern zombie (D:9)
  Dowan (D:5)
  A water moccasin skeleton (D:6)
  12 killer bees
  2 howler monkeys
  3 centaur zombies
  2 human zombies (D:6)
  A jelly (D:8)
  A gnoll shaman (D:6)
  3 hounds
  6 orc priests
  Jessica (D:2)
  A bullfrog skeleton (D:3)
  4 human skeletons (D:6)
  6 iguanas
  9 orc wizards
  3 killer bee zombies
  A hound zombie (D:5)
  A hound skeleton (D:4)
  8 gnolls
  5 adders
  A white imp (D:5)
  An adder skeleton (D:4)
  5 worms
  4 dart slugs
  41 orcs
  3 bats
  6 endoplasms
  3 giant cockroaches
  8 goblins
  4 hobgoblins
  13 jackals
  18 kobolds
  2 quokkas
  8 ball pythons
  A frilled lizard (D:2)
  4 orc skeletons (D:6)
  9 rats
304 creatures vanquished.

Vanquished Creatures (collateral kills)
  A kobold brigand (D:6)
  A kobold (D:6)
  10 foxfires
12 creatures vanquished.

Vanquished Creatures (others)
  A kobold brigand (D:6)
  990 foxfires
  3 fungi (D:5)
  20 plants
1014 creatures vanquished.

Grand Total: 1330 creatures vanquished

Notes
Turn   | Place    | Note
-------+----------+-------------------------------------------
     0 | D:1      | robertstho the Djinni Fire Elementalist began the quest for
                  | the Orb.
     0 | D:1      | Reached XP level 1. HP: 15/15 MP: 0/0
   463 | D:1      | Reached XP level 2. HP: 19/21 MP: 0/0
   803 | D:1      | Reached skill level 3 in Spellcasting
   861 | D:1      | Reached XP level 3. HP: 18/25 MP: 0/0
   861 | D:1      | Learned a level 1 spell: Magic Dart
  1886 | D:1      | Reached XP level 4. HP: 29/31 MP: 0/0
  2166 | D:2      | Noticed Jessica
  2174 | D:2      | Killed Jessica
  2282 | D:2      | Found a faded altar of an unknown god.
  2844 | D:2      | Reached XP level 5. HP: 32/35 MP: 0/0
  2844 | D:2      | Learned a level 2 spell: Poisonous Vapours
  3583 | D:3      | Found Jipoga's Assorted Antiques.
  3607 | D:3      | Reached skill level 4 in Spellcasting
  3693 | D:3      | Bought a scroll labelled QUNUOQENEPS for 23 gold pieces
  3693 | D:3      | Bought a scroll labelled FAEZOT GOEQ for 23 gold pieces
  3693 | D:3      | Bought a scroll labelled CAIXKU KAGGUOQ for 23 gold pieces
  3693 | D:3      | Bought a scroll labelled CAIXKU KAGGUOQ for 23 gold pieces
  3779 | D:3      | Acquired a +6 ring of intelligence
  3798 | D:2      | Acquired a +1 kite shield of reflection
  4145 | D:3      | Noticed Grinder
  4155 | D:3      | Killed Grinder
  4156 | D:3      | Reached XP level 6. HP: 4/40 MP: 0/0
  4172 | D:3      | Reached skill level 1 in Evocations
  4373 | D:3      | Found a shadowy altar of Dithmenos.
  4373 | D:3      | Found a glowing golden altar of the Shining One.
  4554 | D:3      | Reached skill level 5 in Spellcasting
  5115 | D:4      | Reached XP level 7. HP: 19/45 MP: 0/0
  5115 | D:4      | Learned a level 3 spell: Stone Arrow
  5787 | D:4      | Found a staircase to the Ecumenical Temple.
  5835 | Temple   | Entered the Ecumenical Temple
  5884 | Temple   | Became a worshipper of Gozag Ym Sagoz the Greedy
  6074 | D:4      | Reached skill level 1 in Shields
  7055 | D:5      | Entered Level 5 of the Dungeon
  7155 | D:5      | Noticed a hornet
  7163 | D:5      | Killed a hornet
  7164 | D:5      | Reached skill level 6 in Spellcasting
  7164 | D:5      | Reached XP level 8. HP: 33/51 MP: 0/0
  7440 | D:5      | Found a bloodstained altar of Trog.
  7449 | D:5      | Reached skill level 1 in Short Blades
  7865 | D:5      | Noticed Dowan
  7866 | D:5      | Noticed Duvessa
  7870 | D:5      | Killed Dowan
  8283 | D:5      | Killed Duvessa
  8284 | D:5      | Reached XP level 9. HP: 35/56 MP: 0/0
  8284 | D:5      | Learned a level 4 spell: Passage of Golubria
  8664 | D:6      | Reached skill level 7 in Spellcasting
  8713 | D:6      | Reached skill level 1 in Fighting
  8785 | D:6      | Found a runed translucent gate.
  8785 | D:6      | Noticed avis's ghost (novice OpTm)
  8786 | D:6      | Found a runed translucent gate.
  8787 | D:6      | Found a runed translucent gate.
  8787 | D:6      | Noticed a kobold demonologist
  8936 | D:6      | Found a white marble altar of Elyvilon.
  9065 | D:6      | Found Joankeif's Hallowed Reliquary.
  9065 | D:6      | Noticed an angel
  9084 | D:6      | Bought a potion of curing for 39 gold pieces
  9084 | D:6      | Bought a scroll of holy word for 97 gold pieces
 10561 | D:6      | Found a glowing silver altar of Zin.
 10618 | D:5      | Reached skill level 8 in Spellcasting
 10783 | D:6      | Reached XP level 10. HP: 50/64 MP: 0/0
 10926 | D:6      | Noticed an orange demon
 10932 | D:6      | Noticed an ice devil
 10938 | D:6      | Killed a kobold demonologist
 10939 | D:6      | Reached skill level 5 in Stealth
 11116 | D:5      | Acquired the ring of Muaco {rElec rN+ Str+6 Dex+5 Stlth-}
 11501 | D:7      | Reached skill level 5 in Dodging
 11841 | D:8      | Noticed Grum
 11851 | D:8      | HP: 2/65 [Grum (19)]
 11937 | D:8      | Killed Grum
 11992 | D:8      | Reached skill level 9 in Spellcasting
 12124 | D:8      | Noticed Pikel
 12133 | D:8      | Killed Pikel
 12432 | D:8      | Found an iron altar of Okawaru.
 12493 | D:8      | Reached XP level 11. HP: 11/70 MP: 0/0
 12493 | D:8      | Learned a level 5 spell: Lightning Bolt
 13403 | D:9      | Noticed a two-headed ogre
 13415 | D:9      | Killed a two-headed ogre
 13416 | D:9      | Reached skill level 10 in Spellcasting
 13722 | D:9      | You are sucked into a shaft and drop 1 floor!
 13722 | D:10     | Entered Level 10 of the Dungeon
 15874 | D:11     | Noticed Snorg
 15883 | D:11     | Killed Snorg
 16293 | D:11     | Reached skill level 11 in Spellcasting
 16639 | D:10     | Bought a scroll of vulnerability for 97 gold pieces
 16639 | D:10     | Bought a scroll of fog for 26 gold pieces
 16639 | D:10     | Bought a scroll of fear for 45 gold pieces
 16639 | D:10     | Bought a scroll of identify for 26 gold pieces
 16639 | D:10     | Bought a scroll of acquirement for 676 gold pieces
 16639 | D:10     | Bought a scroll of noise for 13 gold pieces
 16639 | D:10     | Bought a scroll of identify for 26 gold pieces
 16639 | D:10     | Bought a scroll of identify for 26 gold pieces
 16644 | D:10     | Acquired the -2 hat of the Alchemist {rElec rPois rF+ rC+
                  | rN+ Will+ rMut rCorr}
 16645 | D:10     | Found the -2 hat of the Alchemist {rElec rPois rF+ rC+ rN+
                  | Will+ rMut rCorr}
 16658 | D:11     | Noticed a six-headed hydra
 16663 | D:11     | Killed a six-headed hydra
 16664 | D:11     | Reached XP level 12. HP: 55/76 MP: 0/0
 16673 | D:11     | Noticed Fannar
 17243 | D:9      | Noticed Harold
 17255 | D:9      | Killed Harold
 18570 | D:11     | Killed Fannar
 19056 | D:11     | Reached skill level 12 in Spellcasting
 19404 | D:11     | Noticed Erolcha
 19408 | D:11     | Killed Erolcha
 19493 | D:11     | Noticed a two-headed ogre
 19496 | D:11     | Killed a two-headed ogre
 19888 | D:11     | Found a staircase to the Lair.
 19983 | D:12     | Noticed a two-headed ogre
 20266 | D:12     | Noticed Frances
 20266 | D:12     | Noticed a two-headed ogre
 20274 | D:11     | Killed Frances
 20507 | D:11     | Killed a two-headed ogre
 20508 | D:11     | Reached XP level 13. HP: 53/83 MP: 0/0
 20508 | D:11     | Learned a level 5 spell: Agony
 20820 | D:12     | Reached skill level 5 in Short Blades
 20900 | D:12     | Found a staircase to the Orcish Mines.
 21010 | D:12     | Reached skill level 13 in Spellcasting
 21479 | D:12     | Noticed Azrael
 21490 | D:12     | Killed from afar by Azrael

Illustrated notes

Levels and vault maps discovered:
D:1:      dpeg_arrival_morbid_curiosity, layout_basic, minmay_curled_crystal,
          kennysheep_another_room, chequers_big_river, minmay_indecisive_spiral
D:2:      layout_rooms, hellmonk_ecumenical_altar_pennies_from_heaven,
          serial_co_window_serial, co_window_paths_b, co_window_cross_1,
          co_window_of_opportunity_a, co_window_paths_a, co_window_paths_b,
          co_window_unsneaky_path_e, co_window_broadway_b,
          co_window_of_opportunity_c, co_window_broadway_a,
          co_window_of_opportunity_b, co_window_unsneaky_path_a,
          co_window_2corner, glass_columns_b, glass_columns_b, glass_columns_b,
          glass_columns_b, glass_columns_a, minivault_5, serial_bayou_pond_c,
          chequers_serial_rivers_small_a, uniq_jessica
D:3:      layout_loops_ring, gammafunk_temple_overflow_elements, serial_shops,
          nicolae_shop_statue_plus, uniq_grinder
D:4:      minmay_diamond_boxcup, layout_loops_ring,
          mainiacjoe_overflow_24_doors, lemuel_temple_firewalk_b, serial_bayou,
          serial_bayou_pond_a, serial_bayou_ford_a, serial_bayou_shore_a,
          serial_bayou_pond_e
D:5:      layout_cave_pods, mainiacjoe_overflow_small_starburst,
          water_boxes_lemuel, uniq_duvessa
D:6:      layout_gridville, lemuel_doored_altar, zin_statuary,
          gammafunk_ghost_nasty_kobolds, nicolae_ossuary_entry_catacombs,
          nicolae_good_shop
D:7:      layout_gridville
D:8:      cheibrodos_quashed, layout_cave_pools, pf_just_have_faith,
          grunt_decor_resistance, uniq_pikel, uniq_grum
D:9:      layout_grid_maze, uniq_harold
D:10:     layout_basic, hangedman_misty_isle
D:11:     layout_basic, david_lair_shrubbed, uniq_snorg, uniq_fannar,
          uniq_erolcha
D:12:     layout_loops_cross, david_orc_3, uniq_azrael, uniq_frances
Temple:   regret_index_temple_waves

Skill      XL: |  1  2  3  4  5  6  7  8  9 10 11 12 13 |
---------------+----------------------------------------+-----
Spellcasting   | 3 4 5 6 8 9 11 12 13 | 13.3
Stealth        | 2 3 4 5 |  5.4
Evocations     | 1 2 3 |  3.2
Shields        | 1 2 3 4 |  4.3
Short Blades   | 1 3 4 5 |  5.0
Dodging        | 3 4 5 6 7 |  7.3
Fighting       | 2 3 4 |  4.0

Action                   |  1- 3 |  4- 6 |  7- 9 | 10-12 | 13-15 || total
-------------------------+-------+-------+-------+-------+-------++-------
Melee: Short sword       |     3 |     2 |    56 |    11 |       ||    72
       Dagger            |       |       |     9 |    11 |       ||    20
 Cast: Foxfire           |    73 |   134 |   245 |   154 |       ||   606
       Magic Dart        |     3 |       |       |       |       ||     3
       Poisonous Vapours |       |       |     4 |       |       ||     4
       Sticky Flame      |       |       |    14 |    34 |     5 ||    53
       Fireball          |       |       |     1 |   121 |    23 ||   145
       Stone Arrow       |       |       |       |     3 |    10 ||    13
       Lightning Bolt    |       |       |       |     1 |     1 ||     2
Invok: Call Merchant     |       |       |       |     1 |       ||     1
Evoke: Wand              |       |     2 |     5 |     6 |       ||    13
  Use: Scroll            |       |     7 |     3 |     9 |       ||    19
       Potion            |       |     3 |     1 |     1 |     1 ||     6
 Stab: Paralysed         |       |       |     3 |       |       ||     3
       Sleeping          |       |       |     3 |       |       ||     3
       Distracted        |       |       |       |     1 |       ||     1
Armor: Robe              |     4 |     8 |    25 |    12 |     1 ||    50
Dodge: Dodged            |    22 |    25 |    48 |    35 |     9 ||   139
Block: Kite shield       |       |     6 |    37 |    42 |     7 ||    92
       Reflection        |       |       |     6 |     8 |       ||    14

Table legend: (Time is in decaauts)
 A = Elapsed time spent in this place.
 B = Non-inter-level travel time spent in this place.
 C = Inter-level travel time spent in this place.
 D = Time resting spent in this place.
 E = Time spent auto-exploring this place.
 F = Levels seen in this place.
 G = Mean time per level.
                   A        B        C        D        E       F      G
               +--------+--------+--------+--------+--------+-----+--------+
         Total |  21495 |  20701 |    794 |   2407 |  16082 |  13 | 1653.5 |
       Dungeon |  21407 |  20653 |    754 |   2407 |  16035 |  12 | 1783.9 |
        Temple |     88 |     49 |     39 |      0 |     47 |   1 |   88.0 |
               +--------+--------+--------+--------+--------+-----+--------+

Top non-repeatable levels by time:
    D:10: 3328 daAuts
    D:11: 2360 daAuts
     D:6: 2281 daAuts
     D:1: 2049 daAuts
     D:9: 1956 daAuts
     D:4: 1918 daAuts
     D:2: 1854 daAuts
     D:5: 1837 daAuts
     D:8: 1288 daAuts
     D:3: 1127 daAuts
    D:12: 723 daAuts
     D:7: 680 daAuts
  Temple: 88 daAuts
